 Dungeon Crawl Stone Soup version 0.22-b1-26-g9dbaab1 (webtiles) character file.

69981 dvd the Basher (level 14, -3/137 HPs)
             Began as a Troll Berserker on Aug 6, 2018.
             Was a High Priest of Trog.
             Slain by a mana viper (12 damage)
             ... on level 1 of the Snake Pit.
             The game lasted 01:10:07 (19815 turns).

dvd the Basher (Troll Berserker)                   Turns: 19815, Time: 01:10:08

Health: -3/137     AC: 17    Str: 26 (28) XL:     14   Next: 92%
Magic:  0/13       EV: 14    Int: -1 (3)  God:    Trog [*****.]
Gold:   291        SH: 22    Dex: 18 (19) Spells: 13/13 levels left

rFire    + . .     SeeInvis .   J - +8 mace of the Turnip {holy, *Drain rN++ Dex+4}
rCold    + . .     Gourm    +   b - +0 large shield
rNeg     + + .     Faith    .   C - +2 robe {rC+ rF+}
rPois    +         Spirit   .   u - +2 hat
rElec    +         Reflect  +   W - +2 cloak
rCorr    .         Harm     .   (gloves unavailable)
MR       ++++.                  (boots unavailable)
Stlth    +++.......             v - +3 amulet of reflection
HPRegen  1.72/turn              t - ring of poison resistance
MPRegen  0.13/turn              y - ring of Tixzelas {rElec MR+ AC+3 Dex+2 Stlth+}

@: lethally poisoned (-3 -> -3), regenerating, slowed, lost intelligence,
constricted, very slow
A: large, unfitting armour, claws 3, hooves 1, repulsion field 1, yellow scales
1, deterioration 1, fast metabolism 3, gourmand, regeneration 1, shaggy fur 1,
tough skin 2
a: Berserk, Trog's Hand, Brothers in Arms, Renounce Religion


You were on level 1 of the Snake Pit.
You worshipped Trog.
Trog was extremely pleased with you.
You were not hungry.

You visited 5 branches of the dungeon, and saw 22 of its levels.
You also visited: Labyrinth.

You collected 1886 gold pieces.
You spent 1595 gold pieces at shops.

Inventory:

Hand Weapons
 k - a +7 antimagic eveningstar
 w - a +1 antimagic executioner's axe
 J - the +8 mace of the Turnip (weapon) {holy, *Drain rN++ Dex+4}
   (You found it on level 6 of the Dungeon)

   It has been blessed by the Shining One to cause great damage to the undead
   and demons.
   It affects your dexterity (+4).
   It greatly protects you from negative energy.
   It causes draining when unequipped.
Missiles
 z - 4 javelins of returning
 G - a javelin
 H - 11 steel javelins (quivered)
 L - 2 steel tomahawks
 N - 6 tomahawks of returning
 S - 17 tomahawks
 X - 2 large rocks
Armour
 b - a +0 large shield (worn)
 u - a +2 hat (worn)
 A - a +0 troll leather armour
 C - a +2 robe of resistance (worn)
 T - a scarf of resistance
 W - a +2 cloak (worn)
 Z - a +0 robe of the Archmagi
Jewellery
 p - an uncursed ring of positive energy
 t - a ring of poison resistance (left claw)
 v - a +3 amulet of reflection (around neck)
 x - an uncursed ring of ice
 y - the ring of Tixzelas (right claw) {rElec MR+ AC+3 Dex+2 Stlth+}
   (You bought it in a shop on level 2 of the Orcish Mines)

   [ring of protection]

   It affects your AC (+3).
   It affects your dexterity (+2).
   It insulates you from electricity.
   It affects your resistance to hostile enchantments.
   It makes you more stealthy.
 D - a +4 ring of evasion
 F - an uncursed ring of flight
 U - an uncursed ring of protection from fire
Wands
 a - a wand of flame (18)
 d - a wand of enslavement (17)
 i - a wand of polymorph (22)
 I - a wand of digging (14)
 M - a wand of random effects (35)
 P - a wand of paralysis (21)
 R - a wand of iceblast (16)
 V - a wand of acid (17)
Scrolls
 e - 11 scrolls of identify
 m - 14 scrolls of remove curse
 q - 3 scrolls of teleportation
 B - 2 scrolls of magic mapping
 K - a scroll of enchant armour
 Q - a scroll of enchant weapon
Potions
 f - 2 potions of curing
 g - 8 potions of haste
 h - 3 potions of lignification
 j - 4 potions of flight
 l - 3 potions of ambrosia
 o - 2 potions of resistance
 r - 2 potions of might
 s - a potion of heal wounds
 E - a potion of brilliance
 O - 3 potions of berserk rage
 Y - a potion of agility
Comestibles
 c - 36 rations


   Skills:
 + Level 8.9 Fighting
 + Level 2.9(8.8) Axes
 + Level 13.6(13.7) Maces & Flails
 + Level 9.3 Throwing
 + Level 4.6 Armour
 + Level 9.1 Dodging
 + Level 2.9 Stealth
 + Level 9.8 Shields


You had 13 spell levels left.
You didn't know any spells.
Your spell library was empty.

Dungeon Overview and Level Annotations

Branches:
Dungeon (12/15)            Temple (1/1) D:6            Lair (6/6) D:11
  Swamp (0/4) Lair:4        Snake (1/4) Lair:4        Slime (0/5) Lair:5
    Orc (2/2) D:12            Elf (0/3) Orc:2

Altars:
Ashenzari
Cheibriados
Dithmenos
Elyvilon
Fedhas
Gozag
Hepliaklqana
Kikubaaqudgha
Makhleb
Nemelex Xobeh
Okawaru
Qazlal
Ru
Sif Muna
Trog
Uskayaw
Vehumet
Wu Jian
Xom
Yredelemnul
Zin
The Shining One
Jiyva
Lugonu

Shops:
D:5 =   D:9 (   D:12 [%?[[   Orc:2 [(*=


Innate Abilities, Weirdness & Mutations

You are too large for most types of armour.
You have claws for hands.
Your metabolism is lightning-fast.
You like to eat raw meat.
Your natural rate of healing is unusually fast.
You are covered in fur. (AC +1)
You have very tough skin. (AC +2)
You have large cloven feet.
You are surrounded by a mild repulsion field. (EV +2)
You are partially covered in yellow scales. (AC +2)
Your body sometimes deteriorates upon taking damage.


Message History

Your body deteriorates!
You feel dopey. The mana viper bites you.
* * * LOW HITPOINT WARNING * * *
You feel much better.
You feel sick. You block the black mamba's attack. x2
You block the mana viper's attack. The mana viper closely misses you.
The naga warrior spits poison at you. The splash of poison hits you!
You resist.
* * * LOW HITPOINT WARNING * * *
The naga warrior constricts you. The black mamba closely misses you.
The mana viper bites you but does no damage.
You block the mana viper's attack.
Your ogre goes berserk!
You feel quite a bit more hungry. The black mamba bites you!
* * * LOW HITPOINT WARNING * * *
The mana viper barely misses you. You block the black mamba's attack.
You block the mana viper's attack. You block the naga warrior's attack.
* * * LOW HITPOINT WARNING * * *
The naga warrior constricts you. The black mamba closely misses you.
The mana viper bites you!
You die...

...... #. #..
#.%... . ....
.....##. ..#..
#.#... ##...
#.....##...#
.###....##..#
..........<##..#
####NO......#
#S@SS.####.#
#....NS##..#
#..#.## ...# .
.. .##.# #. ..
... .. .. #..# .
..# ##.#


You could see a naga warrior, 2 mana vipers, 2 black mambas, a naga and a
friendly ogre (berserk).

Vanquished Creatures
  Rupert (Orc:2)
  Kirke (D:12)
  An orc warlord (Orc:1)
  A minotaur (Lab)
  Snorg (Lair:6)
  Josephine (D:11)
  A fire dragon (Lair:6)
  9 hydras
  A catoblepas (Lair:4)
  3 two-headed ogres
  3 death yaks (Lair:4)
  The ghost of Ymberto the Spry, a journeyman DEFE of Sif Muna (D:12)
  Urug (D:11)
  2 orc high priests (Orc:2)
  Sonja (Orc:1)
  A fire crab (Lair:6)
  2 unseen horrors
  2 orc knights (Orc:1)
  4 orc sorcerers
  An ugly thing (D:11)
  A deep elf mage (D:12)
  A cyclops (D:11)
  3 elephants (Lair:5)
  13 black mambas
  8 spiny frogs
  2 molten gargoyles (Lair:6)
  2 kobold demonologists (D:12)
  A yaktaur (D:12)
  5 rime drakes
  5 komodo dragons (Lair:6)
  A minotaur skeleton (Lab)
  3 trolls
  2 polar bears
  13 blink frogs
  2 hornets
  Prince Ribbit (D:6)
  8 dream sheep (Lair:6)
  8 hippogriffs
  2 redbacks (Lab)
  6 wraiths
  6 wyverns
  26 yaks
  6 basilisks
  A human (D:10)
  4 hungry ghosts (Lab)
  2 steam dragons (Lair:6)
  Edmund (D:6)
  Menkaure (D:4)
  A warg (Orc:1)
  4 hell hounds (Lair:6)
  13 water moccasins
  4 ice beasts
  26 orc warriors
  9 porcupines
  A swamp drake (Lair:4)
  4 sky beasts
  3 phantoms
  An eye of draining (D:11)
  10 ogres
  A necrophage (D:10)
  3 centaurs
  10 crocodiles
  6 big kobolds
  17 bullfrogs
  A wyvern zombie (D:9)
  2 gnoll sergeants
  5 scorpions
  9 wights
  3 howler monkeys (D:10)
  5 lava snakes (Lair:6)
  A bullfrog zombie (D:12)
  4 crimson imps
  2 centaur zombies
  7 hounds
  A quasit (D:12)
  2 centaur skeletons (Lab)
  3 jellies
  15 orc wizards
  5 orc priests
  Crazy Yiuf (D:6)
  5 iguanas
  Terence (D:2)
  A hell rat (Lair:6)
  4 worker ants
  3 ogre skeletons (Lab)
  2 hound skeletons
  A worker ant zombie (D:10)
  A howler monkey skeleton (D:7)
  10 gnolls
  14 adders
  3 river rats (Lair:6)
  5 shadow imps
  An ooze (D:1)
  3 adder skeletons
  3 worms
  2 leopard geckos
  48 orcs
  A ball python (D:3)
  2 giant cockroaches
  4 goblins (D:1)
  2 hobgoblins (D:3)
  10 jackals
  8 quokkas
  8 bats
  3 frilled lizards
  A giant cockroach zombie (D:5)
  2 gnoll zombies (D:9)
  A jackal skeleton (D:4)
  18 kobolds
  9 rats
  A butterfly (Lair:5)
  A fungus (Lair:6)
  9 plants
538 creatures vanquished.

Vanquished Creatures (collateral kills)
  Saint Roka (Orc:1)
  A hydra (Lair:6)
  An orc sorcerer (Orc:2)
  A salamander (Snake:1)
  A black mamba (Snake:1)
  A komodo dragon (Lair:6)
  4 dream sheep (Lair:6)
  A hell hound (Lair:6)
  7 orc warriors
  A crocodile (Lair:6)
  An orc priest (Orc:2)
  An orc wizard (Orc:2)
  A kobold (D:12)
22 creatures vanquished.

Vanquished Creatures (others)
  A howler monkey (shapeshifter) (D:12)
  14 fungi
  7 plants
22 creatures vanquished.

Grand Total: 582 creatures vanquished

Notes
Turn   | Place    | Note
-------+----------+-------------------------------------------
     0 | D:1      | dvd the Troll Berserker began the quest for the Orb.
     0 | D:1      | Reached XP level 1. HP: 22/22 MP: 0/0
   109 | D:1      | Reached XP level 2. HP: 29/29 MP: 1/1
   184 | D:1      | Reached skill level 3 in Maces & Flails
   581 | D:2      | Reached XP level 3. HP: 36/36 MP: 2/2
   825 | D:2      | Noticed Terence
   842 | D:2      | Killed Terence
   975 | D:2      | Found a sacrificial altar of Ru.
  1030 | D:2      | Reached ** piety under Trog
  1030 | D:2      | Reached XP level 4. HP: 40/44 MP: 3/3
  1820 | D:3      | Found a white marble altar of Elyvilon.
  1986 | D:3      | Found a shimmering altar of Xom.
  2133 | D:4      | Reached skill level 4 in Maces & Flails
  2153 | D:4      | Reached XP level 5. HP: 53/53 MP: 4/4
  2279 | D:4      | Noticed Menkaure
  2285 | D:4      | Killed Menkaure
  2293 | D:4      | Reached XP level 6. HP: 61/61 MP: 5/5
  2407 | D:4      | Reached skill level 5 in Maces & Flails
  2482 | D:4      | Reached *** piety under Trog
  2719 | D:5      | Entered Level 5 of the Dungeon
  2778 | D:5      | Reached XP level 7. HP: 67/67 MP: 6/6
  2846 | D:5      | Reached skill level 1 in Throwing
  3003 | D:5      | Found Xioch's Jewellery Shoppe.
  3035 | D:5      | Bought a +3 ring of protection for 210 gold pieces
  3271 | D:5      | Found a snail-covered altar of Cheibriados.
  3327 | D:5      | Found an iron altar of Okawaru.
  3365 | D:5      | Reached skill level 6 in Maces & Flails
  3588 | D:6      | Found a shadowy altar of Dithmenos.
  3680 | D:6      | Reached skill level 1 in Axes
  3810 | D:6      | Reached XP level 8. HP: 75/78 MP: 7/7
  3821 | D:6      | Noticed Edmund
  3830 | D:6      | Killed Edmund
  3830 | D:6      | Reached skill level 1 in Stealth
  4028 | D:6      | Found a shattered altar of Ashenzari.
  4041 | D:6      | Reached skill level 7 in Maces & Flails
  4162 | D:6      | Found a runed door.
  4166 | D:6      | Noticed Crazy Yiuf
  4170 | D:6      | Killed Crazy Yiuf
  4177 | D:6      | Got an iridescent mace
  4178 | D:6      | Identified the +8 mace of the Turnip {holy, *Drain rN++ Dex+4} (You found it on level 6 of the Dungeon)
  4231 | D:6      | Noticed Prince Ribbit
  4241 | D:6      | Killed Prince Ribbit
  4313 | D:6      | Found an ancient bone altar of Kikubaaqudgha.
  4317 | D:6      | Found an opulent altar of Gozag.
  4318 | D:6      | Found a bloodstained altar of Trog.
  4320 | D:6      | Found a blossoming altar of Fedhas.
  4452 | D:6      | Found a staircase to the Ecumenical Temple.
  4461 | Temple   | Entered the Ecumenical Temple
  4640 | D:7      | Reached **** piety under Trog
  4707 | D:7      | Reached XP level 9. HP: 77/85 MP: 8/8
  4820 | D:7      | Reached skill level 5 in Fighting
  4835 | D:7      | Reached skill level 8 in Maces & Flails
  5008 | D:7      | Reached skill level 5 in Dodging
  5212 | D:7      | Found a hazy altar of Hepliaklqana.
  5213 | D:7      | Found a hide-covered altar of Uskayaw.
  5328 | D:7      | Found a glowing silver altar of Zin.
  5398 | D:8      | Received a gift from Trog
  5408 | D:8      | Reached skill level 1 in Shields
  6052 | D:8      | Reached skill level 9 in Maces & Flails
  6259 | D:9      | Reached XP level 10. HP: 85/96 MP: 9/9
  6277 | D:9      | Found Lysipn's Antique Weapon Emporium.
  6366 | D:9      | Reached ***** piety under Trog
  6780 | D:9      | Found a bloodstained altar of Trog.
  7027 | D:9      | Found a basalt altar of Yredelemnul.
  7101 | D:10     | Entered Level 10 of the Dungeon
  7129 | D:10     | Reached skill level 10 in Maces & Flails
  7662 | D:11     | Noticed Josephine
  7672 | D:11     | Killed Josephine
  7686 | D:11     | Reached skill level 1 in Armour
  7686 | D:11     | Reached XP level 11. HP: 105/105 MP: 10/10
  7839 | D:11     | Noticed a red ugly thing
  7854 | D:11     | Killed a red ugly thing
  7954 | D:11     | Noticed Urug
  7956 | D:11     | Noticed a two-headed ogre
  7986 | D:11     | Killed Urug
  7989 | D:11     | Killed a two-headed ogre
  8125 | D:11     | Received a gift from Trog
  8294 | D:11     | Noticed a four-headed hydra
  8306 | D:11     | Killed a four-headed hydra
  8473 | D:11     | Found a staircase to the Lair.
  8474 | D:11     | Reached skill level 11 in Maces & Flails
  8632 | D:11     | Killed an unseen horror
  8956 | D:12     | Found Uten's Magic Scroll Boutique.
  8976 | D:12     | Killed an unseen horror
  8994 | D:12     | Found a blossoming altar of Fedhas.
  8994 | D:12     | Found Vulaehie's Antique Armour Boutique.
  9089 | D:12     | Bought an embroidered hat for 217 gold pieces
  9159 | D:12     | Noticed a two-headed ogre
  9180 | D:12     | Reached skill level 5 in Shields
  9241 | D:12     | Found a runed gate.
  9241 | D:12     | Found a runed gate.
  9241 | D:12     | Found a runed gate.
  9336 | D:12     | Found Vuha's Armour Shoppe.
  9354 | D:12     | Noticed Ymberto's ghost (journeyman DEFE)
  9357 | D:12     | Noticed a five-headed hydra
  9358 | D:12     | Noticed a storm dragon
  9358 | D:12     | a five-headed hydra changed into a storm dragon
  9359 | D:12     | Noticed a satyr
  9359 | D:12     | a storm dragon changed into a satyr
  9363 | D:12     | Noticed a great orb of eyes
  9363 | D:12     | a satyr changed into a great orb of eyes
  9371 | D:12     | Noticed an ettin
  9389 | D:12     | Noticed a stone giant
  9410 | D:12     | Noticed a two-headed ogre
  9415 | D:12     | Found Afericuj's Food Shop.
  9422 | D:12     | Killed a two-headed ogre
  9422 | D:12     | Reached skill level 5 in Throwing
  9422 | D:12     | Reached XP level 12. HP: 100/118 MP: 11/11
  9510 | D:12     | Found Cyushra's Antique Armour Shop.
  9809 | D:12     | Paralysed by a hornet for 3 turns
  9820 | D:12     | Noticed Kirke
  9845 | D:12     | Killed Kirke
  9859 | D:12     | Killed a two-headed ogre
  9885 | D:12     | Noticed an anaconda
  9885 | D:12     | a tyrant leech changed into an anaconda
  9887 | D:12     | Noticed an alligator
  9887 | D:12     | an anaconda changed into an alligator
  9889 | D:12     | Noticed an entropy weaver
  9889 | D:12     | an alligator changed into an entropy weaver
  9890 | D:12     | Noticed a six-headed hydra
  9890 | D:12     | an entropy weaver changed into a six-headed hydra
 10157 | D:12     | Found a staircase to the Orcish Mines.
 10372 | Lair:1   | Entered Level 1 of the Lair of Beasts
 10372 | Lair:1   | Noticed a seven-headed hydra
 10378 | Lair:1   | Killed a seven-headed hydra
 10592 | Lair:1   | Reached skill level 12 in Maces & Flails
 11388 | Lair:2   | Noticed an eight-headed hydra
 11396 | Lair:2   | Killed an eight-headed hydra
 12291 | Lair:3   | Reached XP level 13. HP: 123/127 MP: 12/12
 12398 | Lair:3   | You fall through a shaft for 3 floors!
 12398 | Lair:6   | Entered Level 6 of the Lair of Beasts
 12456 | Lair:6   | Noticed Snorg
 12467 | Lair:6   | Killed Snorg
 13533 | Lair:6   | Found a large runed door.
 13533 | Lair:6   | Noticed a fire dragon
 13615 | Lair:6   | Found a large runed door.
 14051 | Lair:6   | Killed a fire dragon
 14212 | Lair:5   | Received a gift from Trog
 14265 | Lair:5   | Found a viscous altar of Jiyva.
 14266 | Lair:5   | Found a staircase to the Slime Pits.
 14273 | Lair:5   | Found a labyrinth entrance.
 14314 | Lair:5   | Gained mutation: Your body sometimes deteriorates upon taking damage. [potion of mutation]
 14314 | Lair:5   | Gained mutation: You have large cloven feet. [potion of mutation]
 14314 | Lair:5   | Gained mutation: You are surrounded by a mild repulsion field. (EV +2) [potion of mutation]
 14314 | Lair:5   | Gained mutation: You are partially covered in yellow scales. (AC +2) [potion of mutation]
 14317 | Lab      | Entered a labyrinth
 14353 | Lab      | Found an exit through the horrors of the Abyss.
 14522 | Lab      | Found an exit through the horrors of the Abyss.
 14602 | Lab      | Found an exit through the horrors of the Abyss.
 14676 | Lab      | Found an exit through the horrors of the Abyss.
 14883 | Lab      | Noticed a minotaur
 14894 | Lab      | Killed a minotaur
 14894 | Lab      | Reached XP level 14. HP: 107/137 MP: 13/13
 15196 | Lair:5   | Reached skill level 13 in Maces & Flails
 16105 | Lair:4   | Found a staircase to the Swamp.
 16256 | Lair:4   | Found a staircase to the Snake Pit.
 17614 | Orc:1    | Entered Level 1 of the Orcish Mines
 17624 | Orc:1    | Noticed Sonja
 17627 | Orc:1    | Killed Sonja
 17646 | Orc:1    | Paralysed by an orc sorcerer for 5 turns
 17828 | Orc:2    | Entered Level 2 of the Orcish Mines
 17865 | Orc:2    | Noticed an orc warlord
 18102 | Orc:1    | Killed an orc warlord
 18148 | Orc:2    | Noticed Saint Roka
 18149 | Orc:2    | Received a gift from Trog
 18231 | Orc:1    | Killed Saint Roka
 18300 | Orc:2    | Found Zuw Curch's General Store.
 18343 | Orc:2    | Found a staircase to the Elven Halls.
 18376 | Orc:2    | Noticed Rupert
 18391 | Orc:2    | Killed Rupert
 18496 | Orc:2    | Paralysed by an orc sorcerer for 4 turns
 18504 | Orc:2    | Received a gift from Trog
 18510 | Orc:2    | Found Xouzas's Jewellery Shoppe.
 18522 | Orc:2    | Bought the ring of Tixzelas {rElec MR+ AC+3 Dex+2 Stlth+} for 666 gold pieces
 18661 | Orc:2    | Found Feleoh's Antique Weapon Boutique.
 18990 | Orc:2    | Found Xuss's Antique Armour Shoppe.
 18998 | Orc:2    | Bought a distressingly furry robe for 205 gold pieces
 18998 | Orc:2    | Identified the cursed +0 robe of Hoobet {-Cast *Corrode rElec rN+++} (You bought it in a shop on level 2 of the Orcish Mines)
 19172 | Orc:2    | Lost intelligence.
 19318 | D:12     | Bought a scroll of enchant armour for 97 gold pieces
 19409 | D:5      | Bought an uncursed ring of poison resistance for 200 gold pieces
 19573 | D:12     | Killed Ymberto's ghost
 19791 | Snake:1  | Entered Level 1 of the Snake Pit
 19813 | Snake:1  | HP: 5/137 [mana viper (5)]
 19815 | Snake:1  | Slain by a mana viper

Skill      XL: |  1  2  3  4  5  6  7  8  9 10 11 12 13 14 |
---------------+-------------------------------------------+-----
Maces & Flails | 3 4 5 6 7 9 10 11 12 13 | 13.6
Dodging        | 3 4 5 6 7 8 9 |  9.1
Fighting       | 3 4 5 6 7 8 |  8.9
Throwing       | 1 2 3 5 7 8 9 |  9.3
Axes           | 1 2 |  2.9
Stealth        | 1 2 |  2.9
Shields        | 2 3 5 6 8 9 |  9.8
Armour         | 1 3 4 |  4.6

Action                   |  1- 3 |  4- 6 |  7- 9 | 10-12 | 13-15 || total
-------------------------+-------+-------+-------+-------+-------++-------
Melee: Mace              |    81 |   139 |   364 |   694 |   786 ||  2064
       War axe           |       |       |    38 |       |       ||    38
       Flail             |       |       |     7 |       |       ||     7
       Unarmed           |       |       |       |     3 |       ||     3
       Kick              |       |       |       |       |   230 ||   230
Throw: Javelin           |       |     9 |     9 |   107 |   130 ||   255
       Tomahawk          |       |       |    10 |    63 |    72 ||   145
Invok: Berserk           |     1 |     5 |     4 |     5 |     5 ||    20
       Trog's Hand       |       |       |     1 |     4 |     8 ||    13
       Brothers in Arms  |       |       |       |     2 |     7 ||     9
Evoke: Wand              |       |       |       |       |     1 ||     1
  Use: Scroll            |       |       |       |    12 |     6 ||    18
       Potion            |       |       |       |    13 |     6 ||    19
 Stab: Sleeping          |       |     1 |     2 |       |     2 ||     5
       Paralysed         |       |       |       |       |     2 ||     2
       Distracted        |       |       |       |       |     1 ||     1
  Eat: Chunk             |    16 |    21 |    32 |    66 |    72 ||   207
       Ration            |       |       |       |       |     2 ||     2
Armor: Animal skin       |    35 |    47 |    92 |    14 |       ||   188
       Troll leather arm |       |       |       |    69 |    49 ||   118
       Skin              |       |       |       |     1 |       ||     1
       Robe              |       |       |       |       |    56 ||    56
Dodge: Dodged            |    48 |    90 |   188 |   265 |   299 ||   890
Block: Other             |       |     9 |    16 |       |       ||    25
       Shield            |       |       |    75 |   319 |       ||   394
       Reflection        |       |       |     3 |     6 |    12 ||    21
       Large shield      |       |       |       |       |   788 ||   788
